Map: Year Zero LE

Players

Neeb

  • Race: Protoss Protoss
  • League: Master
  • Spawn Location: 1:00

scarlett - Winner!

  • Race: Zerg Zerg
  • League: Master
  • Spawn Location: 11:00

Event: 2019 WCS Winter Americas

VOD

Have the link to the VOD?

Description

Time

  • Played on: April 6, 2019, 6:06 p.m.
  • Length: 11:36

All games in this series

Show
View Real Time Build Order
Export as new Build Order

Neeb Protoss 

Build Orders: 1 Gate Expand, Oracle Opening, Phoenix Opening 

Get SALT Encoding   

  12  0:00  Probe  
  13  0:12  Probe  
  14  0:18  Pylon  
  14  0:24  Probe  
  15  0:32  Probe  
  15  0:40  Gateway, Probe  
  16  0:47  Assimilator  
  17  0:51  Probe  
  18  1:03  Probe  
  19  1:15  Probe  
  20  1:24  Nexus  
  20  1:35  Cybernetics Core  
  20  1:37  Probe  
  21  1:44  Assimilator  
  21  1:50  Probe  
  21  1:53  Pylon  
  22  1:59  Probe  
  22  2:01  Adept  
  22  2:07  Probe  
  26  2:18  Probe  
  26  2:19  Stargate  
  27  2:30  Probe  
  27  2:31  Adept  
  27  2:35  Warp Gate  
  31  2:37  Probe  
  31  2:43  Probe  
  32  2:49  Probe  
  33  2:55  Probe  
  34  3:01  Adept, Probe  
  34  3:05  Phoenix  
  39  3:07  Probe  
  40  3:13  Probe  
  40  3:16  Pylon  
  40  3:19  Pylon  
  41  3:20  Oracle, Probe  
  41  3:25  Probe  
  46  3:34  Probe  
  46  3:37  Gateway  
  46  3:39  Probe  
  48  3:46  Probe  
  48  3:47  Assimilator  
  49  3:50  Assimilator  
  49  3:51  Probe  
  50  3:56  Stargate  
  50  3:58  Probe  
  50  3:59  Probe  
  51  4:07  Probe  
  51  4:09  Phoenix  
  52  4:10  Probe  
  52  4:16  Pylon  
  56  4:22  Probe  
  57  4:26  Phoenix  
  57  4:28  Probe  
  58  4:35  Probe  
  58  4:36  Pylon, Phoenix  
  58  4:37  Adept x2  
  65  4:42  Probe  
  65  4:45  Gateway  
  68  4:51  Phoenix  
  70  4:54  Probe  
  70  4:57  Phoenix  
  73  5:11  Nexus  
  73  5:13  Pylon  
  73  5:17  Phoenix  
  73  5:20  Zealot  
  77  5:25  Gateway  
  75  5:28  Zealot  
  75  5:34  Probe x2  
  79  5:39  Zealot  
  79  5:41  Zealot  
  79  5:48  Robotics Facility  
  77  5:50  Robotics Facility  
  77  5:52  Shield Battery  
  77  5:53  Sentry  
  79  6:03  Phoenix  
  79  6:04  Phoenix  
  83  6:13  Sentry, Stalker  
  82  6:25  Pylon x2  
  82  6:27  Pylon, Immortal  
  82  6:28  Phoenix  
  82  6:29  Pylon  
  88  6:48  Sentry, Zealot  
  88  6:50  Zealot  
  87  6:54  Immortal  
  91  7:06  Immortal  
  95  7:10  Gateway  
  95  7:11  Gateway  
  95  7:13  Gateway  
  94  7:24  Warp Prism  
  94  7:31  Nexus  
  90  7:39  Observer  
  90  7:42  Sentry x3  
  96  7:47  Pylon  
  97  7:52  Probe x2  
  99  8:02  Pylon  
  99  8:03  Pylon  
  99  8:04  Probe x2  
  101  8:11  Sentry x3, Stalker  
  101  8:12  Stalker x2  
  113  8:25  Pylon  
  114  8:44  Stalker  
  114  8:45  Stalker x5  
  116  9:08  Stalker x5  
  110  9:13  Stalker  
  108  9:19  Probe x2  
  94  9:30  Immortal  
  88  9:31  Immortal  
  88  9:33  Probe  
  88  9:34  Probe  
  88  9:35  Probe  
  88  9:38  Assimilator  
  73  9:39  Assimilator, Robotics Bay  
  75  9:50  Stalker x2  
  77  9:55  Sentry, Zealot x2  
  83  10:01  Zealot  
  83  10:06  Probe  
  83  10:07  Probe x2  
  88  10:17  Disruptor x2  
  88  10:20  Pylon  
  94  10:30  Stalker x3, Adept  
  94  10:34  Forge, Adept  
  104  10:36  Adept  
  106  10:47  Disruptor  
  98  10:57  Disruptor  
  101  11:00  Adept x6  
  91  11:21  Stalker x6  
Show
View Real Time Build Order
Export as new Build Order

scarlett Zerg - Winner!

Build Orders: Hatch First, Roach Hydra 

Get SALT Encoding   

  12  0:00  Drone  
  13  0:12  Overlord  
  13  0:17  Drone  
  14  0:31  Drone x2  
  16  0:48  Hatchery  
  15  0:52  Drone  
  15  0:55  Drone  
  17  0:59  Drone  
  18  1:09  Extractor  
  17  1:14  Spawning Pool  
  17  1:18  Drone  
  17  1:21  Drone  
  18  1:28  Drone  
  19  1:39  Drone  
  20  1:50  Overlord  
  20  2:00  Queen  
  22  2:02  Queen, Zergling x2  
  22  2:03  Zergling x2  
  26  2:13  Drone  
  27  2:15  Drone  
  27  2:16  Metabolic Boost  
  27  2:22  Drone x2  
  30  2:40  Drone  
  30  2:41  Hatchery  
  30  2:46  Drone  
  30  2:47  Overlord  
  31  2:52  Drone  
  32  2:58  Drone  
  32  2:59  Drone  
  32  3:02  Queen  
  36  3:10  Drone x3  
  36  3:12  Drone  
  40  3:14  Drone  
  41  3:20  Overlord  
  41  3:21  Drone  
  41  3:25  Drone x2  
  44  3:40  Zergling x8  
  48  3:45  Drone x3  
  48  3:47  Spore Crawler  
  50  3:49  Queen  
  50  3:51  Overlord  
  50  3:55  Spore Crawler  
  51  4:02  Overlord  
  51  4:08  Queen  
  53  4:11  Drone x4  
  53  4:12  Drone  
  58  4:18  Overlord  
  54  4:26  Roach Warren  
  54  4:30  Overlord  
  54  4:31  Drone x6  
  59  4:35  Overlord  
  59  4:43  Extractor  
  60  4:46  Lair  
  60  4:49  Drone  
  60  4:51  Zergling x8  
  65  4:56  Zergling x2  
  65  4:57  Zergling x10  
  69  5:06  Roach x4  
  77  5:14  Extractor  
  76  5:15  Roach x4  
  76  5:18  Overlord  
  82  5:30  Drone x3  
  82  5:31  Drone x5  
  86  5:44  Drone x5  
  86  5:46  Overlord x3  
  90  5:50  Spore Crawler  
  90  5:54  Overlord x2  
  87  6:01  Glial Reconstitution  
  87  6:03  Queen  
  83  6:08  Zergling x12  
  88  6:23  Drone x8  
  94  6:28  Extractor, Drone x3  
  94  6:29  Hydralisk Den  
  94  6:30  Evolution Chamber  
  92  6:34  Drone x3  
  92  6:36  Drone  
  92  6:37  Extractor  
  88  6:53  Drone x7  
  91  6:59  Zerg Missile Weapons Level 1  
  91  7:00  Muscular Augments  
  84  7:03  Extractor, Hydralisk x5  
  84  7:07  Hydralisk x2  
  97  7:10  Hydralisk  
  97  7:14  Drone, Hydralisk  
  97  7:15  Hydralisk  
  104  7:23  Drone x6  
  105  7:35  Overlord x6  
  103  7:42  Overlord  
  103  7:43  Overlord x2  
  94  7:52  Hatchery  
  93  8:01  Hydralisk x6  
  105  8:10  Hydralisk x4  
  110  8:19  Grooved Spines, Hydralisk x3  
  116  8:30  Hydralisk x5  
  126  8:35  Roach x3  
  126  8:40  Ravager  
  126  8:41  Hydralisk x2  
  133  8:44  Hydralisk x2  
  133  8:48  Roach x2  
  145  8:50  Roach  
  147  8:59  Roach  
  147  9:00  Roach x2  
  151  9:02  Roach  
  151  9:03  Roach x4  
  151  9:05  Roach  
  151  9:07  Roach  
  139  9:12  Roach x3  
  139  9:14  Roach x2  
  139  9:16  Roach  
  119  9:25  Roach x3  
  119  9:26  Roach x2, Zergling x2  
  118  9:35  Hydralisk x4  
  118  9:39  Hydralisk  
  117  9:53  Hydralisk x5  
  117  9:58  Hydralisk  
  117  9:59  Hydralisk  
  129  10:06  Hydralisk x3  
  128  10:07  Zergling x2  
  131  10:14  Hydralisk x2  
  131  10:18  Hydralisk  
  131  10:19  Zergling x6  
  140  10:22  Hydralisk x2  
  140  10:33  Roach x6  
  140  10:34  Zergling x2  
  153  10:37  Ravager  
  153  10:38  Zergling x8  
  156  10:47  Zergling x2, Hydralisk  
  156  10:48  Zergling x12  
  137  11:05  Hydralisk  
  137  11:06  Zergling x2, Hydralisk x6  
  137  11:07  Zergling x4  
  142  11:14  Zergling x2  
  142  11:17  Zergling x2  
Tags
 
Add a new tag
Caveats
  • Supply blocks, unpowered buildings, or Contaminate may cause inaccurate times.
  • Supply counts are checked every 10 seconds.